Blackhawks vs Sabres
(R1)
Created - November 5, 2024 at 20:23
Goals
|
Blackhawks |
1 |
0 |
1 |
2 |
Sabres |
1 |
1 |
1 |
3 |
|
Shots
|
Blackhawks |
9 |
10 |
4 |
23 |
Sabres |
9 |
13 |
10 |
32 |
|
1st period
1. Sabres , Viktor Arvidsson 3 (Samuel Morin 3, Jordan Staal 4) at 13:58
2. Blackhawks , Mikko Rantanen 5 (Derek Stepan 5) at 16:02 (PP)
Penalties :
Mika Zibanejad (Buf) for Interference (Minor) at 10:36, Noah Hanifin (Buf) for Interference (Minor) at 15:47, Cal Clutterbuck (Buf) for Roughing (Minor) at 18:27, Artemi Panarin (Buf) for Roughing (Minor) at 18:50
2nd period
3. Sabres , Victor Hedman 1 (Mika Zibanejad 5, Cal Clutterbuck 2) at 8:05 (PP)
Penalties :
Stefan Matteau (Chi) for Slashing (Minor) at 1:11, Timo Meier (Chi) for Hooking (Minor) at 7:04, Neal Pionk (Buf) for Tripping (Minor) at 11:20, Jordan Staal (Buf) for Roughing (Minor) at 14:43, Andrew Ladd (Chi) for Slashing (Minor) at 17:11
3rd period
4. Blackhawks , William Karlsson 2 (Thomas Chabot 2) at 15:27
5. Sabres , Kyle Okposo 1 (Corey Perry 1, Mathew Dumba 4) at 19:42
Penalties :
Thomas Chabot (Chi) for High sticking (Double Minor) at 0:44, William Karlsson (Chi) for Delaying the game (Minor) at 7:47, Derek Stepan (Chi) for Delaying the game (Minor) at 12:16
Goalie Stats
Ilya Samsonov (Chi), 29 saves from 32 shots - (0.906), L, 3-2-0, 60:00 minutes
John Gibson (Buf), 21 saves from 23 shots - (0.913), W, 3-3-1, 60:00 minutes
Players Stats for Blackhawks
Player Name G A P +/- PIM S H SB GA TA FO MP PP MP PK MP
------------------------------------------------------------------------------------
Adrian Kempe 0 0 0 1 0 1 1 0 0 0 0/0 15:10 3:41 2:22
Andrew Ladd 0 0 0 -1 2 1 1 0 0 0 0/0 8:52 0:01 0:15
Antoine Roussel 0 0 0 0 0 0 0 0 0 1 0/0 17:04 4:52 3:53
Derek Stepan 0 1 1 -1 2 1 1 1 0 0 18/36 20:59 4:52 2:44
Erik Haula 0 0 0 0 0 0 2 1 0 0 5/17 20:02 3:41 6:43
Jakob Chychrun 0 0 0 1 0 0 1 1 0 0 0/0 16:16 3:20 0:17
Jakob Silfverberg 0 0 0 0 0 2 1 0 2 0 0/0 12:59 3:41 0:00
Joe Pavelski 0 0 0 -1 0 0 0 0 1 0 0/0 7:49 0:01 0:00
Mike Amadio 0 0 0 1 0 1 0 0 0 1 1/3 14:43 0:00 6:43
Mikko Rantanen 1 0 1 -1 0 7 4 0 0 0 0/1 17:46 4:52 0:00
PK Subban 0 0 0 -2 0 2 0 3 1 0 0/0 19:25 3:20 5:01
Radko Gudas 0 0 0 0 0 1 3 0 0 0 0/0 24:44 0:00 7:40
Robert Hagg 0 0 0 -2 0 1 1 0 0 0 0/0 11:07 0:00 2:11
Stefan Matteau 0 0 0 -1 2 1 1 0 0 0 1/4 8:26 0:01 0:27
Thomas Chabot 0 1 1 1 4 1 0 1 0 0 0/0 19:26 5:14 3:38
Timo Meier 0 0 0 -1 2 1 0 2 1 0 2/3 12:36 0:00 0:00
Will Butcher 0 0 0 0 0 1 1 2 1 1 0/0 29:12 5:14 6:48
William Karlsson 1 0 1 1 2 2 3 0 0 0 2/7 10:22 0:00 3:02
Players Stats for Sabres
Player Name G A P +/- PIM S H SB GA TA FO MP PP MP PK MP
------------------------------------------------------------------------------------
Artemi Panarin 0 0 0 0 2 5 1 1 2 1 2/2 23:47 7:07 4:23
Cal Clutterbuck 0 1 1 0 2 2 3 0 0 0 0/0 18:12 6:58 0:14
Corey Perry 0 1 1 1 0 1 2 0 0 0 1/1 11:09 0:53 0:00
Evgeni Malkin 0 0 0 0 0 1 1 0 1 0 3/6 12:43 0:25 2:16
Ilya Kovalchuk 0 0 0 1 0 0 0 0 0 0 0/0 3:11 0:48 0:00
Jordan Staal 0 1 1 0 2 1 1 1 0 0 11/19 17:36 5:05 0:46
Kyle Okposo 1 0 1 1 0 2 2 1 0 0 1/3 6:27 0:03 1:37
Kyle Rau 0 0 0 0 0 1 0 0 0 0 1/1 4:44 0:00 0:12
Mathew Dumba 0 1 1 1 0 2 1 3 0 0 0/0 30:50 7:40 6:34
Mika Zibanejad 0 1 1 0 2 5 1 0 0 0 22/38 26:20 6:53 5:03
Nate Schmidt 0 0 0 1 0 0 1 0 0 0 0/0 19:00 5:02 2:00
Neal Pionk 0 0 0 1 2 0 0 0 0 1 0/0 19:15 5:02 1:21
Noah Hanifin 0 0 0 -1 2 2 1 0 0 2 0/0 10:48 0:14 0:39
Robby Fabbri 0 0 0 0 0 2 0 0 0 0 0/0 11:01 0:26 0:49
Samuel Morin 0 1 1 0 0 1 0 0 0 0 1/1 16:56 5:05 0:11
Tyson Barrie 0 0 0 -1 0 0 0 1 0 0 0/0 10:10 0:14 0:00
Victor Hedman 1 0 1 1 0 1 0 2 0 0 0/0 30:50 7:40 6:34
Viktor Arvidsson 1 0 1 0 0 6 2 0 0 2 0/0 16:45 5:05 0:00
3 Stars
1 - Kyle Okposo (Buf)
2 - Victor Hedman (Buf)
3 - Viktor Arvidsson (Buf)
Power Play
Blackhawks - 1 on 6 Attempt(s) - 16.67%
Sabres - 1 on 7 Attempt(s) - 14.29%
Penalty Kill
Blackhawks - 6 on 7 Attempt(s) - 85.71%
- Score 0 goal in Penalty Kill
Sabres - 5 on 6 Attempt(s) - 83.33%
- Score 0 goal in Penalty Kill
Team Stat
Blackhawks - Hits : 20 - Faceoff Wins : 29 - Blocked Shots : 11 - Penalty Minutes : 14
Sabres - Hits : 16 - Faceoff Wins : 42 - Blocked Shots : 9 - Penalty Minutes : 12
Official
Referees : Beaudry Halkidis and TJ Luxmore
Linesman : Jonny Murray and Scott Cherrey
Game Notes
No Game Note
Finance
Level 1 -- Attendance: 5450 (90.83%) -- Ticket Income $545,000
Level 2 -- Attendance: 4878 (97.56%) -- Ticket Income $341,460
Level 3 -- Attendance: 2000 (100.00%) -- Ticket Income $80,000
Level 4 -- Attendance: 4000 (100.00%) -- Ticket Income $120,000
Luxury Box -- Attendance: 962 (96.20%) -- Ticket Income $192,400
Game was played at the Key Bank Center.
Total Attendance: 17290 (96.06%)
Total Ticket Income: $1,278,860
Other Income: $191,829
Total Income: $1,470,689
Blackhawks
5 vs 5 Forward
Center Left Wing Right Wing Time % Phy DF OF
1 Derek Stepan Timo Meier Mikko Rantanen 40 1 2 2
2 Erik Haula Antoine Roussel Jakob Silfverberg 30 1 2 2
3 William Karlsson Adrian Kempe Mike Amadio 20 1 2 2
4 Stefan Matteau Andrew Ladd Joe Pavelski 10 1 2 2
5 vs 5 Defense
Defense Defense Time % Phy DF OF
1 Radko Gudas Will Butcher 40 1 2 2
2 Jakob Chychrun Thomas Chabot 30 1 2 2
3 PK Subban Robert Hagg 20 1 2 2
4 Radko Gudas Will Butcher 10 1 2 2
PowerPlay Forward
Center Left Wing Right Wing Time % Phy DF OF
1 Derek Stepan Antoine Roussel Mikko Rantanen 60 1 2 2
2 Erik Haula Adrian Kempe Jakob Silfverberg 40 1 2 2
PowerPlay Defense
Defense Defense Time % Phy DF OF
1 Thomas Chabot Will Butcher 60 1 2 2
2 PK Subban Jakob Chychrun 40 1 2 2
Penalty Kill 4 Players Forward
Center Wing Time % Phy DF OF
1 Erik Haula Mike Amadio 60 1 2 2
2 William Karlsson Antoine Roussel 40 1 2 2
Penalty Kill 4 Players Defense
Defense Defense Time % Phy DF OF
1 Radko Gudas Will Butcher 60 1 2 2
2 PK Subban Thomas Chabot 40 1 2 2
Penalty Kill - 3 Players Forward
Forward Time % Phy DF OF
1 Derek Stepan 60 1 2 2
2 Erik Haula 40 1 2 2
Penalty Kill - 3 Players Defense
Defense Defense Time % Phy DF OF
1 Radko Gudas Will Butcher 60 1 2 2
2 PK Subban Thomas Chabot 40 1 2 2
4 vs 4 Forward
Center Wing Time % Phy DF OF
1 Derek Stepan Mikko Rantanen 60 1 2 2
2 Erik Haula Jakob Silfverberg 40 1 2 2
4 vs 4 Defense
Defense Defense Time % Phy DF OF
1 Radko Gudas Will Butcher 60 1 2 2
2 PK Subban Thomas Chabot 40 1 2 2
Last Minutes Offensive
Center Left Wing Right Wing Defense Defense
Derek Stepan Antoine Roussel Mikko Rantanen Radko Gudas Will Butcher
Last Minutes Defensive
Center Left Wing Right Wing Defense Defense
Derek Stepan Antoine Roussel Mike Amadio Radko Gudas Will Butcher
Goaltenders
Starting : Ilya Samsonov
Backup : Cam Ward
Extra Forwards
Normal : Jakob Silfverberg, Antoine Roussel, Adrian Kempe - PP : Mikko Rantanen, Antoine Roussel - PK : Mike Amadio
Extra Defensemen
Normal : Thomas Chabot, Robert Hagg, Jakob Chychrun - PP : Will Butcher - PK : Radko Gudas, Robert Hagg
Penalty Shots
Jakob Silfverberg, Mikko Rantanen, Antoine Roussel, Derek Stepan, Erik Haula
Custom OT Lines Forwards
Jakob Silfverberg, Mikko Rantanen, Antoine Roussel, Derek Stepan, Erik Haula, Mike Amadio, Adrian Kempe, Timo Meier, William Karlsson, Joe Pavelski
Custom OT Lines Defensemen
Radko Gudas, Will Butcher, PK Subban, Thomas Chabot, Robert Hagg
Scratches
None
Sabres
5 vs 5 Forward
Center Left Wing Right Wing Time % Phy DF OF
1 Mika Zibanejad Artemi Panarin Cal Clutterbuck 40 1 2 2
2 Jordan Staal Samuel Morin Viktor Arvidsson 30 1 2 2
3 Evgeni Malkin Robby Fabbri Corey Perry 20 1 2 2
4 Kyle Rau Mika Zibanejad Kyle Okposo 10 1 2 2
5 vs 5 Defense
Defense Defense Time % Phy DF OF
1 Mathew Dumba Victor Hedman 40 1 2 2
2 Nate Schmidt Neal Pionk 30 1 2 2
3 Tyson Barrie Noah Hanifin 20 1 2 2
4 Mathew Dumba Victor Hedman 10 1 2 2
PowerPlay Forward
Center Left Wing Right Wing Time % Phy DF OF
1 Mika Zibanejad Artemi Panarin Cal Clutterbuck 60 1 2 2
2 Jordan Staal Samuel Morin Viktor Arvidsson 40 1 2 2
PowerPlay Defense
Defense Defense Time % Phy DF OF
1 Mathew Dumba Victor Hedman 60 1 2 2
2 Nate Schmidt Neal Pionk 40 1 2 2
Penalty Kill 4 Players Forward
Center Wing Time % Phy DF OF
1 Mika Zibanejad Artemi Panarin 60 1 2 2
2 Jordan Staal Evgeni Malkin 40 1 2 2
Penalty Kill 4 Players Defense
Defense Defense Time % Phy DF OF
1 Mathew Dumba Victor Hedman 60 1 2 2
2 Nate Schmidt Neal Pionk 40 1 2 2
Penalty Kill - 3 Players Forward
Forward Time % Phy DF OF
1 Mika Zibanejad 60 1 2 2
2 Artemi Panarin 40 1 2 2
Penalty Kill - 3 Players Defense
Defense Defense Time % Phy DF OF
1 Mathew Dumba Victor Hedman 60 1 2 2
2 Nate Schmidt Neal Pionk 40 1 2 2
4 vs 4 Forward
Center Wing Time % Phy DF OF
1 Mika Zibanejad Artemi Panarin 60 1 2 2
2 Jordan Staal Evgeni Malkin 40 1 2 2
4 vs 4 Defense
Defense Defense Time % Phy DF OF
1 Mathew Dumba Victor Hedman 60 1 2 2
2 Nate Schmidt Neal Pionk 40 1 2 2
Last Minutes Offensive
Center Left Wing Right Wing Defense Defense
Mika Zibanejad Artemi Panarin Cal Clutterbuck Mathew Dumba Victor Hedman
Last Minutes Defensive
Center Left Wing Right Wing Defense Defense
Mika Zibanejad Artemi Panarin Cal Clutterbuck Mathew Dumba Victor Hedman
Goaltenders
Starting : John Gibson
Backup : Cam Talbot
Extra Forwards
Normal : Ilya Kovalchuk, Corey Perry, Kyle Okposo - PP : Ilya Kovalchuk, Corey Perry - PK : Kyle Okposo
Extra Defensemen
Normal : Tyson Barrie, Noah Hanifin, Nate Schmidt - PP : Tyson Barrie - PK : Noah Hanifin, Nate Schmidt
Penalty Shots
Mika Zibanejad, Artemi Panarin, Jordan Staal, Evgeni Malkin, Cal Clutterbuck
Custom OT Lines Forwards
Mika Zibanejad, Artemi Panarin, Jordan Staal, Evgeni Malkin, Cal Clutterbuck, Viktor Arvidsson, Samuel Morin, Corey Perry, Kyle Okposo, Ilya Kovalchuk
Custom OT Lines Defensemen
Mathew Dumba, Victor Hedman, Nate Schmidt, Neal Pionk, Tyson Barrie
Scratches
Alex Killorn (Healthy)
% Time on Ice - Blackhawks
Lines # - Real PCT - Wanted PCT - Time Play
Normal Forward
1 - 38% - 40% - 14:27
2 - 24% - 30% - 8:59
3 - 19% - 20% - 7:21
4 - 19% - 10% - 7:26
Normal Defense
1 - 41% - 40% - 15:51
2 - 35% - 30% - 13:22
3 - 20% - 20% - 7:48
4 - 3% - 10% - 1:12
PP Forward
1 - 57% - 60% - 4:53
2 - 43% - 40% - 3:41
PP Defense
1 - 61% - 60% - 5:14
2 - 39% - 40% - 3:20
PK Forward
1 - 70% - 60% - 9:03
2 - 30% - 40% - 3:53
PK Defense
1 - 53% - 60% - 6:48
2 - 47% - 40% - 6:08
PK3 Forward
1 - 0% - 60%
2 - 0% - 40%
PK3 Defense
1 - 0% - 60%
2 - 0% - 40%
44 Forward
1 - 0% - 60%
2 - 0% - 40%
44 Defense
1 - 0% - 60%
2 - 0% - 40%
Last Minute Offensive - 0:17
Last Minute Defensive - 0:00
Total
Forward - 60:00
Defense - 60:00
|
% Time on Ice - Sabres
Lines # - Real PCT - Wanted PCT - Time Play
Normal Forward
1 - 32% - 40% - 12:14
2 - 31% - 30% - 11:41
3 - 26% - 20% - 9:46
4 - 12% - 10% - 4:32
Normal Defense
1 - 40% - 40% - 15:16
2 - 32% - 30% - 12:23
3 - 25% - 20% - 9:31
4 - 3% - 10% - 1:03
PP Forward
1 - 61% - 60% - 7:51
2 - 39% - 40% - 5:05
PP Defense
1 - 59% - 60% - 7:40
2 - 41% - 40% - 5:16
PK Forward
1 - 81% - 60% - 5:38
2 - 19% - 40% - 1:20
PK Defense
1 - 73% - 60% - 5:07
2 - 27% - 40% - 1:51
PK3 Forward
1 - 88% - 60% - 1:24
2 - 13% - 40% - 0:12
PK3 Defense
1 - 91% - 60% - 1:27
2 - 9% - 40% - 0:09
44 Forward
1 - 0% - 60%
2 - 0% - 40%
44 Defense
1 - 0% - 60%
2 - 0% - 40%
Last Minute Offensive - 0:00
Last Minute Defensive - 0:17
Total
Forward - 60:00
Defense - 60:00
|
Play-by-Play
1st period
0:01 of 1st period - Derek Stepan wins face-off versus Mika Zibanejad in neutral zone.
0:31 of 1st period - Wrist shot by Jakob Silfverberg.
0:31 of 1st period - Shot Blocked by Mathew Dumba.
1:11 of 1st period - Slapshot by Kyle Okposo.
1:11 of 1st period - Deflect By Mika Zibanejad.
1:11 of 1st period - Stopped by Ilya Samsonov with a rebound.
1:15 of 1st period - Snap shot by Kyle Okposo.
1:15 of 1st period - Shot Misses the Net.
1:17 of 1st period - Slapshot by Kyle Okposo.
1:17 of 1st period - Stopped by Ilya Samsonov with a rebound.
1:48 of 1st period - Mikko Rantanen is hit by Mika Zibanejad and loses puck.
2:10 of 1st period - Snap shot by Erik Haula.
2:10 of 1st period - Shot Misses the Net.
2:12 of 1st period - Snap shot by Antoine Roussel.
2:12 of 1st period - Shot Misses the Net.
2:14 of 1st period - Snap shot by Erik Haula.
2:14 of 1st period - Shot Blocked by Mathew Dumba.
2:16 of 1st period - Snap shot by Antoine Roussel.
2:16 of 1st period - Shot Misses the Net.
2:34 of 1st period - Victor Hedman is hit by William Karlsson and loses puck.
2:59 of 1st period - Snap shot by Mika Zibanejad.
2:59 of 1st period - Shot Misses the Net.
4:01 of 1st period - Ilya Kovalchuk is hit by William Karlsson.
4:05 of 1st period - Slapshot by Thomas Chabot.
4:05 of 1st period - Shot Misses the Net.
4:29 of 1st period - Snap shot by William Karlsson.
4:29 of 1st period - Shot Misses the Net.
5:42 of 1st period - Snap shot by William Karlsson.
5:42 of 1st period - Deflect By Artemi Panarin.
5:42 of 1st period - Stopped by John Gibson without a rebound.
5:43 of 1st period - Derek Stepan wins face-off versus Jordan Staal in Sabres zone.
6:18 of 1st period - Snap shot by Evgeni Malkin.
6:18 of 1st period - Stopped by Ilya Samsonov with a rebound.
7:12 of 1st period - Snap shot by Stefan Matteau.
7:12 of 1st period - Shot Misses the Net.
7:23 of 1st period - Andrew Ladd is hit by Kyle Okposo.
7:37 of 1st period - Victor Hedman is hit by Will Butcher and loses puck.
7:46 of 1st period - Wrist shot by Kyle Rau.
7:46 of 1st period - Stopped by Ilya Samsonov with a rebound.
8:02 of 1st period - Icing by Jakob Silfverberg.
8:03 of 1st period - Erik Haula wins face-off versus Evgeni Malkin in Blackhawks zone.
8:08 of 1st period - Erik Haula is hit by Corey Perry and loses puck.
8:20 of 1st period - Robert Hagg is hit by Corey Perry and loses puck.
8:29 of 1st period - Wrist shot by Evgeni Malkin.
8:29 of 1st period - Shot Misses the Net.
8:31 of 1st period - Slapshot by Noah Hanifin.
8:31 of 1st period - Deflect By Jakob Silfverberg.
8:31 of 1st period - Stopped by Ilya Samsonov with a rebound.
8:33 of 1st period - Wrist shot by Evgeni Malkin.
8:33 of 1st period - Shot Misses the Net.
8:45 of 1st period - Wrist shot by Robby Fabbri.
8:45 of 1st period - Shot Misses the Net.
8:47 of 1st period - Slapshot by Noah Hanifin.
8:47 of 1st period - Stopped by Ilya Samsonov with a rebound.
8:49 of 1st period - Wrist shot by Evgeni Malkin.
8:49 of 1st period - Deflect By Robby Fabbri.
8:49 of 1st period - Shot Misses the Net.
8:49 of 1st period - Puck is out of play.
8:50 of 1st period - Jordan Staal wins face-off versus Derek Stepan in Blackhawks zone.
9:07 of 1st period - Slapshot by Mikko Rantanen.
9:07 of 1st period - Stopped by John Gibson without a rebound.
9:08 of 1st period - Mika Zibanejad wins face-off versus Stefan Matteau in Sabres zone.
9:08 of 1st period - Mika Zibanejad is hit by Radko Gudas.
9:18 of 1st period - Slapshot by Mathew Dumba.
9:18 of 1st period - Shot Misses the Net.
10:12 of 1st period - Slapshot by Viktor Arvidsson.
10:12 of 1st period - Stopped by Ilya Samsonov without a rebound.
10:13 of 1st period - Mika Zibanejad wins face-off versus Erik Haula in Blackhawks zone.
10:28 of 1st period - Snap shot by Radko Gudas.
10:28 of 1st period - Shot Misses the Net.
10:30 of 1st period - Slapshot by Will Butcher.
10:30 of 1st period - Shot Blocked by Tyson Barrie.
10:36 of 1st period - Minor Penalty to Mika Zibanejad for Interference.
10:37 of 1st period - Derek Stepan wins face-off versus Kyle Okposo in Sabres zone.
10:40 of 1st period - Slapshot by Will Butcher.
10:40 of 1st period - Shot Blocked by Mathew Dumba.
10:42 of 1st period - Wrist shot by Mikko Rantanen.
10:42 of 1st period - Shot Misses the Net.
11:04 of 1st period - Artemi Panarin is hit by Jakob Silfverberg and loses puck.
12:36 of 1st period - Penalty to Mika Zibanejad is over, Mika Zibanejad is back on ice.
12:53 of 1st period - Samuel Morin is hit by Andrew Ladd and loses puck.
13:17 of 1st period - Wrist shot by Artemi Panarin.
13:17 of 1st period - Shot Misses the Net.
13:32 of 1st period - Icing by Tyson Barrie.
13:33 of 1st period - Kyle Rau wins face-off versus William Karlsson in Sabres zone.
13:38 of 1st period - Slapshot by Noah Hanifin.
13:38 of 1st period - Shot Blocked by PK Subban.
13:40 of 1st period - Slapshot by Noah Hanifin.
13:40 of 1st period - Shot Blocked by PK Subban.
13:42 of 1st period - Wrist shot by Kyle Okposo.
13:42 of 1st period - Deflect By Mika Zibanejad.
13:42 of 1st period - Shot Misses the Net.
13:42 of 1st period - Puck is out of play.
13:43 of 1st period - Derek Stepan wins face-off versus Jordan Staal in Blackhawks zone.
13:58 of 1st period - Slapshot by Viktor Arvidsson.
13:58 of 1st period - Goal by Viktor Arvidsson - Blackhawks : 0 - Sabres : 1.
13:59 of 1st period - Timo Meier wins face-off versus Mika Zibanejad in neutral zone.
14:08 of 1st period - Wrist shot by Mikko Rantanen.
14:08 of 1st period - Shot Misses the Net.
14:14 of 1st period - Wrist shot by Victor Hedman.
14:14 of 1st period - Shot Misses the Net.
14:16 of 1st period - Slapshot by Mathew Dumba.
14:16 of 1st period - Stopped by Ilya Samsonov without a rebound.
14:17 of 1st period - Jordan Staal wins face-off versus Erik Haula in Blackhawks zone.
14:28 of 1st period - Slapshot by Viktor Arvidsson.
14:28 of 1st period - Shot Misses the Net.
14:47 of 1st period - Snap shot by Artemi Panarin.
14:47 of 1st period - Shot Misses the Net.
15:14 of 1st period - Wrist shot by Robby Fabbri.
15:14 of 1st period - Shot Blocked by Will Butcher.
15:32 of 1st period - Snap shot by Stefan Matteau.
15:32 of 1st period - Stopped by John Gibson without a rebound.
15:33 of 1st period - Samuel Morin wins face-off versus Stefan Matteau in Sabres zone.
15:47 of 1st period - Minor Penalty to Noah Hanifin for Interference.
15:48 of 1st period - Derek Stepan wins face-off versus Mika Zibanejad in Sabres zone.
16:00 of 1st period - Snap shot by Derek Stepan.
16:00 of 1st period - Stopped by John Gibson with a rebound.
16:02 of 1st period - Slapshot by Mikko Rantanen.
16:02 of 1st period - Goal by Mikko Rantanen - Blackhawks : 1 - Sabres : 1.
16:03 of 1st period - Artemi Panarin wins face-off versus Derek Stepan in neutral zone.
16:06 of 1st period - Will Butcher is hit by Cal Clutterbuck and loses puck.
16:11 of 1st period - Snap shot by Mika Zibanejad.
16:11 of 1st period - Shot Misses the Net.
16:13 of 1st period - Wrist shot by Mika Zibanejad.
16:13 of 1st period - Deflect By Radko Gudas.
16:13 of 1st period - Shot Misses the Net.
16:13 of 1st period - Puck is out of play.
16:14 of 1st period - Mika Zibanejad wins face-off versus Derek Stepan in Blackhawks zone.
16:21 of 1st period - Slapshot by Will Butcher.
16:21 of 1st period - Shot Misses the Net.
16:23 of 1st period - Slapshot by Will Butcher.
16:23 of 1st period - Stopped by John Gibson with a rebound.
16:25 of 1st period - Wrist shot by Derek Stepan.
16:25 of 1st period - Deflect By Mikko Rantanen.
16:25 of 1st period - Stopped by John Gibson without a rebound.
16:26 of 1st period - Mika Zibanejad wins face-off versus Erik Haula in Sabres zone.
16:53 of 1st period - Viktor Arvidsson is hit by Mikko Rantanen and loses puck.
18:08 of 1st period - Snap shot by Erik Haula.
18:08 of 1st period - Shot Misses the Net.
18:10 of 1st period - Wrist shot by PK Subban.
18:10 of 1st period - Stopped by John Gibson without a rebound.
18:11 of 1st period - Evgeni Malkin wins face-off versus Derek Stepan in Sabres zone.
18:22 of 1st period - Snap shot by Derek Stepan.
18:22 of 1st period - Deflect By Mikko Rantanen.
18:22 of 1st period - Shot Misses the Net.
18:22 of 1st period - Puck is out of play.
18:23 of 1st period - Derek Stepan wins face-off versus Mika Zibanejad in Sabres zone.
18:27 of 1st period - Minor Penalty to Cal Clutterbuck for Roughing.
18:28 of 1st period - Derek Stepan wins face-off versus Mika Zibanejad in Sabres zone.
18:50 of 1st period - Minor Penalty to Artemi Panarin for Roughing.
18:51 of 1st period - Mika Zibanejad wins face-off versus Derek Stepan in Sabres zone.
19:06 of 1st period - Backhand shot by Mikko Rantanen.
19:06 of 1st period - Stopped by John Gibson without a rebound.
19:07 of 1st period - Mika Zibanejad wins face-off versus Derek Stepan in Sabres zone.
Goals for this period are 1 for Blackhawks vs 1 for Sabres.
Shots for this period are 9 for Blackhawks vs 9 for Sabres.
2nd period
0:01 of 2nd period - Derek Stepan wins face-off versus Mika Zibanejad in neutral zone.
0:10 of 2nd period - Snap shot by Mikko Rantanen.
0:10 of 2nd period - Shot Misses the Net.
0:27 of 2nd period - Penalty to Cal Clutterbuck is over, Cal Clutterbuck is back on ice.
0:50 of 2nd period - Penalty to Artemi Panarin is over, Artemi Panarin is back on ice.
1:11 of 2nd period - Minor Penalty to Stefan Matteau for Slashing.
1:12 of 2nd period - Mika Zibanejad wins face-off versus Mike Amadio in Blackhawks zone.
1:15 of 2nd period - Wrist shot by Mika Zibanejad.
1:15 of 2nd period - Shot Blocked by Will Butcher.
1:23 of 2nd period - Snap shot by Artemi Panarin.
1:23 of 2nd period - Shot Blocked by Erik Haula.
1:43 of 2nd period - Wrist shot by Jordan Staal.
1:43 of 2nd period - Deflect By Viktor Arvidsson.
1:43 of 2nd period - Shot Misses the Net.
1:43 of 2nd period - Puck is out of play.
1:44 of 2nd period - Mika Zibanejad wins face-off versus Mike Amadio in Blackhawks zone.
1:47 of 2nd period - Slapshot by Artemi Panarin.
1:47 of 2nd period - Shot Blocked by Thomas Chabot.
1:49 of 2nd period - Wrist shot by Mika Zibanejad.
1:49 of 2nd period - Stopped by Ilya Samsonov with a rebound.
3:11 of 2nd period - Penalty to Stefan Matteau is over, Stefan Matteau is back on ice.
3:15 of 2nd period - Snap shot by Evgeni Malkin.
3:15 of 2nd period - Shot Misses the Net.
3:17 of 2nd period - Snap shot by Evgeni Malkin.
3:17 of 2nd period - Shot Misses the Net.
3:19 of 2nd period - Wrist shot by Corey Perry.
3:19 of 2nd period - Shot Misses the Net.
3:21 of 2nd period - Snap shot by Robby Fabbri.
3:21 of 2nd period - Stopped by Ilya Samsonov without a rebound.
3:22 of 2nd period - Evgeni Malkin wins face-off versus Timo Meier in Blackhawks zone.
3:33 of 2nd period - Slapshot by Radko Gudas.
3:33 of 2nd period - Stopped by John Gibson without a rebound.
3:34 of 2nd period - Mika Zibanejad wins face-off versus Derek Stepan in Sabres zone.
3:40 of 2nd period - Off-side.
3:41 of 2nd period - Mika Zibanejad wins face-off versus Derek Stepan in neutral zone.
3:52 of 2nd period - Slapshot by Artemi Panarin.
3:52 of 2nd period - Stopped by Ilya Samsonov without a rebound.
3:53 of 2nd period - Mika Zibanejad wins face-off versus Erik Haula in Blackhawks zone.
3:53 of 2nd period - Mika Zibanejad is hit by Radko Gudas.
4:32 of 2nd period - Wrist shot by Derek Stepan.
4:32 of 2nd period - Shot Blocked by Jordan Staal.
4:48 of 2nd period - Snap shot by Mike Amadio.
4:48 of 2nd period - Stopped by John Gibson without a rebound.
4:49 of 2nd period - William Karlsson wins face-off versus Mika Zibanejad in Sabres zone.
5:46 of 2nd period - Snap shot by Jakob Silfverberg.
5:46 of 2nd period - Deflect By Antoine Roussel.
5:46 of 2nd period - Shot Misses the Net.
5:46 of 2nd period - Puck is out of play.
5:47 of 2nd period - Derek Stepan wins face-off versus Mika Zibanejad in Sabres zone.
6:25 of 2nd period - Slapshot by Adrian Kempe.
6:25 of 2nd period - Stopped by John Gibson with a rebound.
6:27 of 2nd period - Wrist shot by Radko Gudas.
6:27 of 2nd period - Deflect By Mike Amadio.
6:27 of 2nd period - Shot Misses the Net.
6:27 of 2nd period - Puck is out of play.
6:28 of 2nd period - Mika Zibanejad wins face-off versus Erik Haula in Sabres zone.
7:04 of 2nd period - Minor Penalty to Timo Meier for Hooking.
7:05 of 2nd period - Mika Zibanejad wins face-off versus Erik Haula in Blackhawks zone.
7:14 of 2nd period - Wrist shot by Mika Zibanejad.
7:14 of 2nd period - Stopped by Ilya Samsonov without a rebound.
7:15 of 2nd period - Erik Haula wins face-off versus Mika Zibanejad in Blackhawks zone.
7:59 of 2nd period - Snap shot by Cal Clutterbuck.
7:59 of 2nd period - Stopped by Ilya Samsonov with a rebound.
8:01 of 2nd period - Slapshot by Victor Hedman.
8:01 of 2nd period - Shot Blocked by PK Subban.
8:03 of 2nd period - Snap shot by Mika Zibanejad.
8:03 of 2nd period - Shot Misses the Net.
8:05 of 2nd period - Snap shot by Victor Hedman.
8:05 of 2nd period - Goal by Victor Hedman - Blackhawks : 1 - Sabres : 2.
8:06 of 2nd period - Jordan Staal wins face-off versus Derek Stepan in neutral zone.
8:11 of 2nd period - Wrist shot by Viktor Arvidsson.
8:11 of 2nd period - Stopped by Ilya Samsonov with a rebound.
8:13 of 2nd period - Slapshot by Viktor Arvidsson.
8:13 of 2nd period - Stopped by Ilya Samsonov with a rebound.
8:15 of 2nd period - Slapshot by Neal Pionk.
8:15 of 2nd period - Deflect By Viktor Arvidsson.
8:15 of 2nd period - Shot Blocked by Timo Meier.
8:15 of 2nd period - Puck is out of play.
8:16 of 2nd period - Derek Stepan wins face-off versus Jordan Staal in Blackhawks zone.
8:21 of 2nd period - Viktor Arvidsson is hit by Mikko Rantanen and loses puck.
8:34 of 2nd period - Snap shot by Jordan Staal.
8:34 of 2nd period - Stopped by Ilya Samsonov without a rebound.
8:35 of 2nd period - Mika Zibanejad wins face-off versus Erik Haula in Blackhawks zone.
8:38 of 2nd period - Snap shot by Artemi Panarin.
8:38 of 2nd period - Stopped by Ilya Samsonov without a rebound.
8:39 of 2nd period - Mika Zibanejad wins face-off versus Erik Haula in Blackhawks zone.
10:40 of 2nd period - Wrist shot by Corey Perry.
10:40 of 2nd period - Stopped by Ilya Samsonov without a rebound.
10:41 of 2nd period - Derek Stepan wins face-off versus Mika Zibanejad in Blackhawks zone.
10:48 of 2nd period - Snap shot by Mikko Rantanen.
10:48 of 2nd period - Stopped by John Gibson with a rebound.
11:05 of 2nd period - Icing by Thomas Chabot.
11:06 of 2nd period - Timo Meier wins face-off versus Jordan Staal in Blackhawks zone.
11:20 of 2nd period - Minor Penalty to Neal Pionk for Tripping.
11:21 of 2nd period - Derek Stepan wins face-off versus Mika Zibanejad in Sabres zone.
11:27 of 2nd period - Slapshot by Mikko Rantanen.
11:27 of 2nd period - Shot Blocked by Artemi Panarin.
11:29 of 2nd period - Snap shot by Thomas Chabot.
11:29 of 2nd period - Stopped by John Gibson without a rebound.
11:30 of 2nd period - Derek Stepan wins face-off versus Mika Zibanejad in Sabres zone.
12:04 of 2nd period - Wrist shot by Mikko Rantanen.
12:04 of 2nd period - Stopped by John Gibson without a rebound.
12:05 of 2nd period - Erik Haula wins face-off versus Jordan Staal in Sabres zone.
12:06 of 2nd period - Wrist shot by Adrian Kempe.
12:06 of 2nd period - Deflect By Evgeni Malkin.
12:06 of 2nd period - Shot Misses the Net.
12:06 of 2nd period - Puck is out of play.
12:07 of 2nd period - Jordan Staal wins face-off versus Erik Haula in Sabres zone.
13:02 of 2nd period - Wrist shot by Erik Haula.
13:02 of 2nd period - Shot Misses the Net.
13:04 of 2nd period - Snap shot by Jakob Chychrun.
13:04 of 2nd period - Shot Blocked by Victor Hedman.
13:06 of 2nd period - Slapshot by PK Subban.
13:06 of 2nd period - Stopped by John Gibson with a rebound.
13:08 of 2nd period - Snap shot by Adrian Kempe.
13:08 of 2nd period - Shot Misses the Net.
13:20 of 2nd period - Penalty to Neal Pionk is over, Neal Pionk is back on ice.
14:10 of 2nd period - Slapshot by Jakob Chychrun.
14:10 of 2nd period - Shot Misses the Net.
14:14 of 2nd period - Snap shot by Jakob Silfverberg.
14:14 of 2nd period - Stopped by John Gibson without a rebound.
14:15 of 2nd period - Derek Stepan wins face-off versus Jordan Staal in Sabres zone.
14:26 of 2nd period - Slapshot by Will Butcher.
14:26 of 2nd period - Deflect By Timo Meier.
14:26 of 2nd period - Stopped by John Gibson without a rebound.
14:27 of 2nd period - Jordan Staal wins face-off versus Derek Stepan in Sabres zone.
14:38 of 2nd period - Snap shot by Mikko Rantanen.
14:38 of 2nd period - Shot Misses the Net.
14:40 of 2nd period - Wrist shot by Mikko Rantanen.
14:40 of 2nd period - Stopped by John Gibson without a rebound.
14:41 of 2nd period - Jordan Staal wins face-off versus Derek Stepan in Sabres zone.
14:43 of 2nd period - Minor Penalty to Jordan Staal for Roughing.
14:44 of 2nd period - Derek Stepan wins face-off versus Kyle Okposo in Sabres zone.
14:44 of 2nd period - Slapshot by Thomas Chabot.
14:44 of 2nd period - Deflect By Derek Stepan.
14:44 of 2nd period - Shot Blocked by Victor Hedman.
14:44 of 2nd period - Puck is out of play.
14:45 of 2nd period - Kyle Okposo wins face-off versus Derek Stepan in Sabres zone.
14:53 of 2nd period - Off-side.
14:54 of 2nd period - Mika Zibanejad wins face-off versus Derek Stepan in neutral zone.
14:57 of 2nd period - Snap shot by Mika Zibanejad.
14:57 of 2nd period - Stopped by Ilya Samsonov with a rebound.
15:01 of 2nd period - Snap shot by Mika Zibanejad.
15:01 of 2nd period - Shot Blocked by Derek Stepan.
15:03 of 2nd period - Snap shot by Mika Zibanejad.
15:03 of 2nd period - Stopped by Ilya Samsonov without a rebound.
15:04 of 2nd period - Mika Zibanejad wins face-off versus Mikko Rantanen in Blackhawks zone.
15:07 of 2nd period - Slapshot by Mika Zibanejad.
15:07 of 2nd period - Deflect By Artemi Panarin.
15:07 of 2nd period - Shot Misses the Net.
15:07 of 2nd period - Puck is out of play.
15:08 of 2nd period - Derek Stepan wins face-off versus Mika Zibanejad in Blackhawks zone.
16:43 of 2nd period - Penalty to Jordan Staal is over, Jordan Staal is back on ice.
16:52 of 2nd period - Off-side.
16:53 of 2nd period - Jordan Staal wins face-off versus Stefan Matteau in neutral zone.
17:11 of 2nd period - Minor Penalty to Andrew Ladd for Slashing.
17:12 of 2nd period - Mika Zibanejad wins face-off versus Erik Haula in Blackhawks zone.
17:51 of 2nd period - Slapshot by Jordan Staal.
17:51 of 2nd period - Shot Misses the Net.
19:11 of 2nd period - Penalty to Andrew Ladd is over, Andrew Ladd is back on ice.
19:28 of 2nd period - Nate Schmidt is hit by Jakob Chychrun and loses puck.
19:35 of 2nd period - Slapshot by Andrew Ladd.
19:35 of 2nd period - Shot Misses the Net.
Goals for this period are 0 for Blackhawks vs 1 for Sabres.
Shots for this period are 10 for Blackhawks vs 13 for Sabres.
3rd period
0:01 of 3rd period - Derek Stepan wins face-off versus Mika Zibanejad in neutral zone.
0:32 of 3rd period - Wrist shot by Jakob Silfverberg.
0:32 of 3rd period - Stopped by John Gibson without a rebound.
0:33 of 3rd period - Jordan Staal wins face-off versus Erik Haula in Sabres zone.
0:33 of 3rd period - Jordan Staal is hit by Erik Haula.
0:44 of 3rd period - Double Minor Penalty to Thomas Chabot for High sticking.
0:45 of 3rd period - Artemi Panarin wins face-off versus Erik Haula in Blackhawks zone.
1:11 of 3rd period - Radko Gudas is hit by Viktor Arvidsson and loses puck.
2:36 of 3rd period - Samuel Morin is hit by William Karlsson and loses puck.
2:55 of 3rd period - Erik Haula is hit by Nate Schmidt and loses puck.
3:22 of 3rd period - Jordan Staal is hit by Adrian Kempe.
4:39 of 3rd period - Erik Haula is hit by Evgeni Malkin and loses puck.
4:44 of 3rd period - Penalty to Thomas Chabot is over, Thomas Chabot is back on ice.
4:48 of 3rd period - Noah Hanifin is hit by Radko Gudas and loses puck.
5:21 of 3rd period - Wrist shot by Andrew Ladd.
5:21 of 3rd period - Shot Blocked by Kyle Okposo.
5:23 of 3rd period - Wrist shot by Andrew Ladd.
5:23 of 3rd period - Shot Misses the Net.
5:25 of 3rd period - Snap shot by Robert Hagg.
5:25 of 3rd period - Stopped by John Gibson without a rebound.
5:26 of 3rd period - Jordan Staal wins face-off versus Derek Stepan in Sabres zone.
5:26 of 3rd period - Tyson Barrie is hit by Mikko Rantanen and loses puck.
6:36 of 3rd period - PK Subban is hit by Viktor Arvidsson and loses puck.
7:08 of 3rd period - Snap shot by Andrew Ladd.
7:08 of 3rd period - Stopped by John Gibson with a rebound.
7:14 of 3rd period - Jakob Chychrun is hit by Noah Hanifin and loses puck.
7:37 of 3rd period - Snap shot by Artemi Panarin.
7:37 of 3rd period - Stopped by Ilya Samsonov without a rebound.
7:38 of 3rd period - Mika Zibanejad wins face-off versus William Karlsson in Blackhawks zone.
7:45 of 3rd period - Wrist shot by Artemi Panarin.
7:45 of 3rd period - Shot Misses the Net.
7:47 of 3rd period - Minor Penalty to William Karlsson for Delaying the game.
7:48 of 3rd period - Erik Haula wins face-off versus Mika Zibanejad in Blackhawks zone.
9:47 of 3rd period - Penalty to William Karlsson is over, William Karlsson is back on ice.
10:32 of 3rd period - Robert Hagg is hit by Kyle Okposo and loses puck.
10:57 of 3rd period - Tyson Barrie is hit by Stefan Matteau and loses puck.
11:10 of 3rd period - Corey Perry is hit by Erik Haula and loses puck.
11:32 of 3rd period - Kyle Okposo is hit by Robert Hagg and loses puck.
11:58 of 3rd period - Icing by Mike Amadio.
11:59 of 3rd period - Jordan Staal wins face-off versus William Karlsson in Blackhawks zone.
12:10 of 3rd period - Wrist shot by Samuel Morin.
12:10 of 3rd period - Stopped by Ilya Samsonov without a rebound.
12:11 of 3rd period - Jordan Staal wins face-off versus Derek Stepan in Blackhawks zone.
12:12 of 3rd period - Wrist shot by Viktor Arvidsson.
12:12 of 3rd period - Stopped by Ilya Samsonov without a rebound.
12:13 of 3rd period - Derek Stepan wins face-off versus Jordan Staal in Blackhawks zone.
12:13 of 3rd period - Derek Stepan is hit by Jordan Staal.
12:16 of 3rd period - Minor Penalty to Derek Stepan for Delaying the game.
12:17 of 3rd period - Erik Haula wins face-off versus Mika Zibanejad in Blackhawks zone.
12:17 of 3rd period - Erik Haula is hit by Cal Clutterbuck.
14:16 of 3rd period - Penalty to Derek Stepan is over, Derek Stepan is back on ice.
14:28 of 3rd period - Derek Stepan is hit by Mathew Dumba and loses puck.
15:27 of 3rd period - Wrist shot by William Karlsson.
15:27 of 3rd period - Goal by William Karlsson - Blackhawks : 2 - Sabres : 2.
15:28 of 3rd period - Corey Perry wins face-off versus William Karlsson in neutral zone.
15:59 of 3rd period - Off-side.
16:00 of 3rd period - Mika Zibanejad wins face-off versus Derek Stepan in neutral zone.
16:00 of 3rd period - Mika Zibanejad is hit by Mikko Rantanen.
16:18 of 3rd period - Wrist shot by Artemi Panarin.
16:18 of 3rd period - Stopped by Ilya Samsonov with a rebound.
16:20 of 3rd period - Snap shot by Nate Schmidt.
16:20 of 3rd period - Deflect By Mika Zibanejad.
16:20 of 3rd period - Shot Blocked by Jakob Chychrun.
16:20 of 3rd period - Puck is out of play.
16:21 of 3rd period - Evgeni Malkin wins face-off versus William Karlsson in Blackhawks zone.
16:26 of 3rd period - Wrist shot by Robby Fabbri.
16:26 of 3rd period - Shot Misses the Net.
16:28 of 3rd period - Snap shot by Corey Perry.
16:28 of 3rd period - Shot Misses the Net.
16:30 of 3rd period - Slapshot by Mathew Dumba.
16:30 of 3rd period - Stopped by Ilya Samsonov with a rebound.
16:32 of 3rd period - Slapshot by Robby Fabbri.
16:32 of 3rd period - Stopped by Ilya Samsonov without a rebound.
16:33 of 3rd period - Mike Amadio wins face-off versus Evgeni Malkin in Blackhawks zone.
17:04 of 3rd period - Radko Gudas is hit by Cal Clutterbuck and loses puck.
17:26 of 3rd period - Icing by Viktor Arvidsson.
17:27 of 3rd period - William Karlsson wins face-off versus Jordan Staal in Sabres zone.
17:47 of 3rd period - Slapshot by Nate Schmidt.
17:47 of 3rd period - Shot Blocked by Timo Meier.
17:53 of 3rd period - Viktor Arvidsson is hit by Derek Stepan and loses puck.
18:10 of 3rd period - Wrist shot by Viktor Arvidsson.
18:10 of 3rd period - Stopped by Ilya Samsonov without a rebound.
18:11 of 3rd period - Stefan Matteau wins face-off versus Evgeni Malkin in Blackhawks zone.
19:22 of 3rd period - Wrist shot by Joe Pavelski.
19:22 of 3rd period - Shot Misses the Net.
19:40 of 3rd period - Snap shot by Corey Perry.
19:40 of 3rd period - Shot Misses the Net.
19:42 of 3rd period - Wrist shot by Kyle Okposo.
19:42 of 3rd period - Goal by Kyle Okposo - Blackhawks : 2 - Sabres : 3.
19:43 of 3rd period - Mika Zibanejad wins face-off versus Derek Stepan in neutral zone.
19:46 of 3rd period - Will Butcher is hit by Artemi Panarin and loses puck.
19:51 of 3rd period - Slapshot by Artemi Panarin.
19:51 of 3rd period - Stopped by Ilya Samsonov with a rebound.
19:53 of 3rd period - Slapshot by Cal Clutterbuck.
19:53 of 3rd period - Deflect By Radko Gudas.
19:53 of 3rd period - Stopped by Ilya Samsonov without a rebound.
19:54 of 3rd period - Jon Cooper call a timeout for Blackhawks.
19:54 of 3rd period - Mika Zibanejad wins face-off versus Derek Stepan in Blackhawks zone.
Goals for this period are 1 for Blackhawks vs 1 for Sabres.
Shots for this period are 4 for Blackhawks vs 10 for Sabres.
Output by the SimonT Hockey Simulator (STHS) for Francois Prevost